 Dungeon Crawl Stone Soup version 0.30.1-9-gdf580d7c3d (webtiles) character file.

Game seed: 8603255055503614494

882 monsoonserge the Ducker (level 8, -7/63 HPs)
             Began as a Merfolk Monk on Oct 25, 2023.
             Mangled by a gnoll sergeant
             ... wielding a +0 spear
              (12 damage)
             ... on level 5 of the Dungeon on Oct 26, 2023.
             The game lasted 00:11:51 (4884 turns).

monsoonserge the Ducker (Merfolk Monk)              Turns: 4884, Time: 00:11:52

Health: -7/63      AC: 10    Str: 11    XL:     8   Next: 5%
Magic:  8/8        EV: 14    Int: 10    God:
Gold:   211        SH:  0    Dex: 18    Spells: 7/7 levels left

rFire   . . .        p - +1 dagger (vamp)
rCold   . . .        d - orb {light}
rNeg    + . .        B - +2 ring mail {rN+}
rPois   .            r - +2 helmet
rElec   .            y - scarf {harm}
rCorr   .            (no gloves)
SInv    .            (no boots)
Will    .....        (no amulet)
Stlth   +            (no ring)
HPRegen 0.30/turn    (no ring)
MPRegen 0.11/turn

%: harm (+30% outgoing, +20% incoming)
@: mighty, glowing
A: (nimble swimmer 2), mertail
a: no special abilities


You were on level 5 of the Dungeon.
You visited 1 branch of the dungeon, and saw 5 of its levels.

You collected 211 gold pieces.

Inventory:

Hand Weapons
 a - a +0 falchion
 o - a +0 dagger of electrocution
 p - a +1 vampiric dagger (weapon)
Missiles
 f - 16 poisoned darts (quivered)
 i - 2 silver javelins
 w - a throwing net
Armour
 d - an orb of light (worn)
 r - a +2 helmet (worn)
 y - a scarf of harm (worn)
 B - a +2 ring mail of positive energy (worn)
Jewellery
 q - a ring of magical power
Scrolls
 b - 2 scrolls of vulnerability {unknown}
 g - 4 scrolls of identify {unknown}
 h - a scroll of magic mapping {unknown}
 j - a scroll of silence {unknown}
 k - 2 scrolls of fog {unknown}
 m - a scroll of enchant weapon {unknown}
 n - 2 scrolls of teleportation {unknown}
 u - a scroll of blinking {unknown}
 x - a scroll of immolation
 C - a scroll of summoning {unknown}
Potions
 c - 4 potions of ambrosia
 l - a potion of flight {unknown}
 s - a potion of resistance
 t - 5 potions of brilliance {unknown}
 v - a potion of attraction {unknown}
 z - 3 potions of curing {unknown}
 A - a potion of invisibility {unknown}
 D - a potion of lignification {unknown}
 E - a potion of mutation {unknown}


   Skills:
 + Level 5.5 Fighting
 + Level 6.0(6.6) Short Blades
 - Level 4.1(5.7) Long Blades
 + Level 0.1 Throwing
 + Level 1.4 Armour
 + Level 7.4 Dodging
 + Level 1.3 Stealth


You had 7 spell levels left.
You didn't know any spells.
Your spell library contained the following spells:

 Spells                   Type           Power      Damage    Failure   Level
 Cigotuvi's Dreadful Rot  Necr/Pois/Air  0%         N/A       80%         2
 Ignite Poison            Fire/Tmut/Pois 0%         N/A       95%         3
 Freezing Cloud           Conj/Ice/Air   0%         6-21      100%        5


Dungeon Overview and Level Annotations

Branches:
Dungeon (5/15)
 Temple: D:4-7

Altars:

Shops:
D:2 !

Annotations:
D:3 1 runed translucent door


Innate Abilities, Weirdness & Mutations

((You are very nimble when in or above water. (Stealth+, EV+, Speed+++)))
Your lower body shifts to a powerful aquatic tail in water.


Message History

The gnoll sergeant barely misses you.
You hit the gnoll sergeant.
You feel better.
The gnoll sergeant is heavily wounded.
You hit the gnoll sergeant but do no damage.
The gnoll sergeant is heavily wounded.
The gnoll sergeant misses you.
You hit the gnoll sergeant but do no damage.
The gnoll sergeant is heavily wounded.
The gnoll sergeant hits you with a +0 spear!
* * * LOW HITPOINT WARNING * * *
You hit the gnoll sergeant but do no damage.
The gnoll sergeant is heavily wounded.
You hit the gnoll sergeant but do no damage.
The gnoll sergeant is heavily wounded.
The gnoll sergeant barely misses you.
You hit the gnoll sergeant but do no damage.
The gnoll sergeant is heavily wounded.
The gnoll sergeant misses you.
You hit the gnoll sergeant but do no damage.
The gnoll sergeant is heavily wounded.
Okay, then.
You hit the gnoll sergeant but do no damage.
The gnoll sergeant is heavily wounded.
The gnoll sergeant hits you but does no damage.
You hit the gnoll sergeant but do no damage.
The gnoll sergeant is heavily wounded.
The gnoll sergeant completely misses you.
The gnoll sergeant blocks your attack.
The gnoll sergeant is heavily wounded.
You barely miss the gnoll sergeant.
The gnoll sergeant is heavily wounded.
The gnoll sergeant hits you with a +0 spear.
* * * LOW HITPOINT WARNING * * *
You feel very mighty all of a sudden.
The gnoll sergeant hits you with a +0 spear.
* * * LOW HITPOINT WARNING * * *
You hit the gnoll sergeant.
The gnoll sergeant is heavily wounded.
The gnoll sergeant hits you with a +0 spear!
You die...

...........#
...........# ###
...########### .. ...#
#...#####.# ...#####
#.#.#.. ..#
.......###.#.#.##..#
.......'..>#.#.#...#.#
.......###.#....g....#
.......# #.#####@#####
.......# #.##....#
.......# #.##.####
.#.....# #... .#.....#
#.. ......## #..
......# #..# ......# #
# #. #+## #.#.###.#


You could see a gnoll sergeant.

Vanquished Creatures
  A water moccasin (D:5)
  2 ogres (D:5)
  A bullfrog (D:4)
  A scorpion (D:5)
  A hound (D:4)
  Jessica (D:2)
  4 iguanas
  2 orc wizards
  Robin (D:2)
  10 gnolls
  7 adders
  5 dart slugs
  9 orcs
  3 ball pythons
  5 endoplasms
  3 giant cockroaches
  13 goblins
  6 hobgoblins
  10 jackals
  2 quokkas
  5 bats
  4 frilled lizards
  7 kobolds
  7 rats
110 creatures vanquished.

Notes
Turn   | Place    | Note
-------+----------+-------------------------------------------
     0 | D:1      | monsoonserge the Merfolk Monk began the quest for the Orb.
     0 | D:1      | Reached XP level 1. HP: 18/18 MP: 1/1
   212 | D:1      | Reached XP level 2. HP: 24/24 MP: 2/2
   297 | D:1      | You fall into a shaft and drop 1 floor!
   427 | D:2      | Noticed Robin
   473 | D:2      | Reached XP level 3. HP: 13/29 MP: 3/3
   498 | D:2      | Killed Robin
   668 | D:1      | Reached skill level 1 in Short Blades
  1089 | D:2      | Reached XP level 4. HP: 37/37 MP: 4/4
  1139 | D:2      | Noticed Jessica
  1151 | D:2      | Killed Jessica
  1152 | D:2      | Reached skill level 1 in Armour
  1245 | D:2      | Found Liciehuk's Distillery.
  1390 | D:2      | Reached skill level 5 in Dodging
  1769 | D:3      | Found a faded altar of an unknown god.
  1788 | D:3      | Reached XP level 5. HP: 9/42 MP: 5/5
  1910 | D:3      | Found a runed translucent door.
  2483 | D:2      | Reached XP level 6. HP: 27/48 MP: 6/6
  2721 | D:3      | Reached skill level 6 in Dodging
  3386 | D:4      | Reached skill level 1 in Stealth
  3396 | D:4      | Reached XP level 7. HP: 44/55 MP: 7/7
  4067 | D:5      | Entered Level 5 of the Dungeon
  4110 | D:5      | Reached skill level 5 in Fighting
  4110 | D:5      | Reached skill level 5 in Short Blades
  4110 | D:5      | Reached skill level 7 in Dodging
  4777 | D:5      | Reached XP level 8. HP: 60/63 MP: 8/8
  4884 | D:5      | Mangled by a gnoll sergeant

Illustrated notes

Levels and vault maps discovered:
D:1:      ncdulo_halloftheorcs, layout_loops_ring
D:2:      layout_basic, serial_shops, shop, uniq_jessica, uniq_robin
D:3:      layout_rooms, hellmonk_ghost_happy_afterlife,
          hellmonk_ecumenical_altar_blasted, corexii_hall_statues_i
D:4:      layout_loops_ring
D:5:      layout_basic, ebering_ghost_rock_garden

Skill      XL: |  1  2  3  4  5  6  7 |
---------------+----------------------+-----
Long Blades    | 4 |  4.1
Short Blades   | 1 2 3 4 6 |  6.0
Armour         | 1 |  1.4
Dodging        | 5 6 7 |  7.4
Fighting       | 4 5 |  5.5
Stealth        | 1 |  1.3
Throwing       | |  0.1

Action                     |  1- 3 |  4- 6 |  7- 9 || total
---------------------------+-------+-------+-------++-------
  Melee: Falchion          |    30 |       |       ||    30
         Dagger            |    93 |   381 |   223 ||   697
  Throw: Dart              |       |       |     1 ||     1
    Use: Potion            |       |       |     1 ||     1
 Armour: Robe              |     2 |       |       ||     2
         Ring mail         |    23 |       |    30 ||    53
         Animal skin       |     8 |    88 |     7 ||   103
  Dodge: Dodged            |    83 |   268 |   105 ||   456
